 Dungeon Crawl Stone Soup version 0.23-a0-690-g0a1fc62 (webtiles) character file.

282 MalarOregon the Chiller (level 6, -2/46 HPs)
             Began as a Merfolk Ice Elementalist on Jan 11, 2019.
             Killed from afar by an orc wizard (8 damage)
             ... with a puff of frost
             ... on level 4 of the Dungeon.
             The game lasted 00:09:48 (3517 turns).

MalarOregon the Chiller (Merfolk Ice Elementalist)  Turns: 3517, Time: 00:09:49

Health: -2/46      AC:  6    Str:  8    XL:     6   Next: 28%
Magic:  9/10       EV: 14    Int: 16    God:
Gold:   185        SH:  0    Dex: 15    Spells: 10/11 levels left

rFire    . . .     SeeInvis .   m - +0 halberd
rCold    . . .     Gourm    .   (shield currently unavailable)
rNeg     . . .     Faith    .   a - +0 robe
rPois    .         Spirit   .   (no helmet)
rElec    .         Reflect  .   b - +0 cloak
rCorr    .         Harm     .   k - +2 pair of gloves
MR       .....                  (no boots)
Stlth    ++........             (no amulet)
HPRegen  0.15/turn              (no ring)
MPRegen  0.12/turn              (no ring)

@: no status effects
A: change form in water, swift swim, stealthy swim
a: no special abilities


You were on level 4 of the Dungeon.
You were not hungry.

You visited 1 branch of the dungeon, and saw 4 of its levels.

You collected 185 gold pieces.

Inventory:

Hand Weapons
 m - a +0 halberd (weapon)
   (You took it off a gnoll on level 1 of the Dungeon)
Missiles
 h - 37 stones
 r - 2 tomahawks (quivered)
Armour
 a - a +0 robe (worn)
 b - a +0 cloak (worn)
   (You found it on level 1 of the Dungeon)
 k - a +2 pair of gloves (worn)
   (You found it on level 2 of the Dungeon)
Scrolls
 c - a scroll of random uselessness {unknown}
 d - a scroll of identify {unknown}
 f - 7 scrolls of teleportation {unknown}
 g - 2 scrolls of fear {unknown}
 i - 3 scrolls of remove curse {unknown}
 j - 2 scrolls of magic mapping {unknown}
 n - a scroll of enchant weapon {unknown}
 p - a scroll of amnesia {unknown}
 q - a scroll of enchant armour {unknown}
Potions
 o - a potion of cancellation {unknown}
 s - a potion of might {unknown}
 t - a potion of lignification {unknown}
Comestibles
 e - 10 rations {!d}
 l - 2 chunks of flesh


   Skills:
 + Level 2.5 Fighting
 * Level 3.1 Polearms
 + Level 1.2 Throwing
 + Level 1.2 Armour
 + Level 3.9 Dodging
 - Level 2.1 Stealth
 + Level 3.0 Spellcasting
   Level 0.7 Conjurations
 + Level 4.2 Ice Magic


You had 10 spell levels left.
You knew the following spells:

 Your Spells              Type           Power        Failure   Level  Hunger
a - Freeze                Ice            ###.         3%          1    #......

Your spell library contained the following spells:

 Spells                   Type           Power        Failure   Level  Hunger
 Throw Frost              Conj/Ice       ##....       10%         2    ##.....
 Animate Skeleton         Necr           N/A          19%         1    #......
 Apportation              Tloc           #.....       19%         1    #......
 Confusing Touch          Hex            #.....       19%         1    #......
 Summon Small Mammal      Summ           #...         19%         1    #......
 Ozocubu's Armour         Chrm/Ice       #.......     24%         3    ###....
 Throw Icicle             Conj/Ice       ##......     54%         4    #####..
 Summon Ice Beast         Ice/Summ       #.......     61%         4    #####..


Dungeon Overview and Level Annotations

Branches:
Dungeon (4/15)
 Temple: D:4-7

Altars:
Zin


Message History

The orc priest shouts!
The orc wizard shouts! x2
You hit the orc wizard but do no damage.
You hear a shout!
The orc wizard casts a spell.
The orc wizard seems to speed up.
The orc wizard gestures wildly while chanting.
The orc wizard seems to speed up.
The orc priest mumbles some strange prayers to Beogh against you.
Beogh smites you!
The orc wizard gestures wildly while chanting.
The orc wizard flickers and vanishes!
Deactivating autopickup; reactivate with Ctrl-A.
Attack whom?
Aim: an orc wizard, wielding a +0 dagger and wearing a +0 robe (fast)
You reach to attack!
The orc shouts!
You hit the orc wizard.
The orc wizard hits you with a +0 dagger.
You barely miss the orc wizard. The orc wizard closely misses you.
The orc wizard miscasts a cantrip.
The orc throws a stone.
Aim: an orc wizard, wielding a +0 dagger and wearing a +0 robe (lightly wounded, fast)
You freeze the orc wizard.
The orc wizard hits you but does no damage.
The orc wizard mumbles some strange words.
The orc wizard blinks!
Aim: an orc wizard, wielding a +0 dagger and wearing a +0 robe (heavily wounded, fast)
You freeze the orc wizard.
The orc throws a stone.
The stone completely misses you. The orc wizard casts a spell at you.
The magic dart hits you!
The orc wizard hits you with a +0 dagger.
The orc wizard mumbles some strange words.
The orc wizard blinks!
The orc wizard gestures at you while chanting.
The puff of flame hits you!
* * * LOW HITPOINT WARNING * * *
The orc wizard hits you but does no damage.
The orc priest invokes the aid of Beogh against you.
Beogh smites you!
* * * LOW HITPOINT WARNING * * *
The orc wizard points at you and mumbles some strange words.
The magic dart hits you!
The orc wizard points at you and mumbles some strange words.
The magic dart hits you!
* * * LOW HITPOINT WARNING * * *
The orc wizard hits you but does no damage.
The orc wizard gestures at you while chanting.
The puff of frost hits you!
You die...

#...........#o#
..............#
#.........o.####.#
####...##(......#
#..o##########
#...# #o..#
##.#######
#÷o@....#
#..####)#
#........####.###
#.##.###.#......#
.. #.#.##.#.#
.....#.#...<..#.#
#. ........#### #
. ..#..#### #..


You could see 2 orc wizards.

Vanquished Creatures
  An ogre (D:3)
  An iguana (D:4)
  A worker ant (D:4)
  4 gnolls
  2 adders
  An ooze (D:1)
  An adder skeleton (D:4)
  2 worms
  A dart slug (D:1)
  3 leopard geckos
  5 orcs (D:3)
  8 bats
  3 giant cockroaches
  5 goblins
  7 hobgoblins
  10 jackals
  2 quokkas (D:3)
  A ball python (D:2)
  3 frilled lizards
  5 kobolds
  6 rats
72 creatures vanquished.

Notes
Turn   | Place    | Note
-------+----------+-------------------------------------------
     0 | D:1      | MalarOregon the Merfolk Ice Elementalist began the quest
                  | for the Orb.
     0 | D:1      | Reached XP level 1. HP: 13/13 MP: 3/3
     6 | D:1      | Noticed a black bear
     7 | D:1      | Noticed a rime drake
   164 | D:1      | Reached XP level 2. HP: 17/20 MP: 0/5
   545 | D:1      | Reached skill level 1 in Fighting
   606 | D:1      | Reached XP level 3. HP: 9/26 MP: 0/6
  1875 | D:1      | Reached XP level 4. HP: 27/33 MP: 3/7
  1961 | D:2      | Reached skill level 1 in Polearms
  2107 | D:2      | Found a glowing silver altar of Zin.
  2627 | D:3      | Reached skill level 4 in Ice Magic
  2740 | D:3      | Reached XP level 5. HP: 38/38 MP: 9/9
  2916 | D:3      | Noticed an ogre
  2926 | D:3      | Killed an ogre
  2926 | D:3      | Reached skill level 1 in Throwing
  2926 | D:3      | Reached skill level 1 in Armour
  3399 | D:4      | Reached XP level 6. HP: 35/46 MP: 10/10
  3517 | D:4      | Killed from afar by an orc wizard

Vault maps used:
D:1:      onia_arrival_zoo_common, minmay_strange_pillars,
          minmay_small_reverse_x
D:2:      minmay_alternating_diamond, nicolae_overflow_crystal_walls
D:3:      minmay_misc_feat_four_crosses
D:4:      chequers_serial_rivers_large_a

Skill      XL: |  1  2  3  4  5  6 |
---------------+-------------------+-----
Fighting       | 1 2 |  2.5
Dodging        | 3 |  3.9
Polearms       | 1 3 |  3.1
Ice Magic      | 4 |  4.2
Throwing       | 1 |  1.2
Armour         | 1 |  1.2
Spellcasting   | 3 |  3.0
Stealth        | |  2.1
Conjurations   | |  0.7

Action                   |  1- 3 |  4- 6 || total
-------------------------+-------+-------++-------
Melee: Club              |    37 |       ||    37
       Dagger            |    32 |       ||    32
       Halberd           |       |   119 ||   119
Throw: Tomahawk          |       |     2 ||     2
 Cast: Freeze            |    57 |    28 ||    85
 Stab: Sleeping          |     3 |    10 ||    13
       Distracted        |       |     1 ||     1
  Eat: Chunk             |     3 |     7 ||    10
Armor: Robe              |    31 |    44 ||    75
Dodge: Dodged            |    87 |   123 ||   210

Table legend:
 A = Non-vault XP
 B = Vault XP
 C = Vault XP percentage of total XP
 D = Non-vault monster count
 E = Vault monster count
 F = Vault count percentage of total count
                 A         B        C        D         E       F
            +---------+---------+-------+---------+---------+-------
      Total |     390 |      13 |   3.2 |      64 |       8 |  11.1
            +---------+---------+-------+---------+---------+-------
        D:1 |      62 |       6 |   8.8 |      23 |       4 |  14.8
        D:2 |      72 |       7 |   8.9 |      20 |       4 |  16.7
        D:3 |     167 |       0 |   0.0 |      16 |       0 |   0.0
        D:4 |      89 |       0 |   0.0 |       5 |       0 |   0.0
            +---------+---------+-------+---------+---------+-------
